 Dungeon Crawl Stone Soup version 0.26.1-11-gd32895ea62 (webtiles) character file.

Game seed: 1998416390306373855

8859 hawla the Destroyer (level 11, -3/76 HPs)
             Began as a Black Draconian Conjurer on May 14, 2021.
             Was a Believer of Vehumet.
             Slain by a death yak (15 damage)
             ... on level 8 of the Dungeon.
             The game lasted 00:33:24 (9939 turns).

hawla the Destroyer (Black Draconian Conjurer)      Turns: 9939, Time: 00:33:25

Health: -3/76      AC:  9    Str: 10 (11) XL:     11   Next: 15%
Magic:  4/18       EV: 16    Int: 25 (27) God:    Vehumet [**....]
Gold:   609        SH:  0    Dex:  7 (9)  Spells: 12/22 levels left

rFire    . . .     SeeInvis .   B - +3 quarterstaff (chaos)
rCold    . . .     Faith    .   (shield currently unavailable)
rNeg     . . .     Spirit   .   (armour unavailable)
rPois    .         Reflect  .   (helmet restricted)
rElec    +         Harm     .   C - +0 cloak
rCorr    .         Rampage  .   h - +0 pair of gloves
Will     .....                  (no boots)
Stlth    +.........             (no amulet)
HPRegen  0.22/turn              b - +4 ring of evasion
MPRegen  0.16/turn              x - +6 ring of intelligence

@: confused, brilliant, attractive, hasted, very quick
A: breathe lightning, unfitting armour, big wings, frail 1, low mp 1, mutation
resistance 1, electricity resistance, cold-blooded, AC +7
a: Breathe Lightning, Fly, Renounce Religion


You were on level 8 of the Dungeon.
You worshipped Vehumet.
Vehumet was pleased with you.
You visited 3 branches of the dungeon, and saw 10 of its levels.

You collected 609 gold pieces.

Inventory:

Hand Weapons
 B - a +3 quarterstaff of chaos (weapon)
Missiles
 g - 40 poisoned darts (quivered)
 j - 4 boomerangs
Armour
 h - a +0 pair of gloves (worn)
 C - a +0 cloak (worn)
Magical Staves
 w - an uncursed staff of fire
Jewellery
 b - a +4 ring of evasion (left hand)
 p - an uncursed ring of willpower
 x - a +6 ring of intelligence (right hand)
Wands
 f - a wand of acid (5)
 r - a wand of iceblast (10)
Scrolls
 k - a scroll of enchant weapon
 s - 4 scrolls of remove curse
Potions
 a - a potion of cancellation
 c - a potion of resistance
 d - 2 potions of flight
 i - a potion of attraction
 l - 3 potions of curing
 m - 5 potions of might
 n - 2 potions of degeneration


   Skills:
 + Level 4.7 Fighting
 - Level 6.2 Staves
 - Level 1.0 Throwing
 - Level 2.0 Dodging
 - Level 2.0 Stealth
 + Level 6.4 Spellcasting
 - Level 10.4 Conjurations
 + Level 5.5 Translocations
 - Level 4.7 Ice Magic
 - Level 9.0 Air Magic


You had 12 spell levels left.
You knew the following spells:

 Your Spells              Type           Power        Failure   Level
a - Magic Dart            Conj           100%         1%          1
b - Searing Ray           Conj           100%         1%          2
c - Iskenderun's Mystic   Conj/Tloc      64%          2%          4
d - Frozen Ramparts       Ice            94%          3%          3

Your spell library contained the following spells:

 Spells                   Type           Power        Failure   Level
 Dazzling Flash           Conj/Hex       100%         2%          3
 Fulminant Prism          Conj/Hex       25%          9%          4


Dungeon Overview and Level Annotations

Branches:
Dungeon (8/15)             Temple (1/1) D:4            Lair (1/6) D:8

Altars:
Ashenzari
Cheibriados
Dithmenos
Elyvilon
Fedhas
Gozag
Hepliaklqana
Kikubaaqudgha
Makhleb
Nemelex Xobeh
Okawaru
Qazlal
Ru
Uskayaw
Vehumet
Wu Jian
Xom
Yredelemnul
Zin
The Shining One

Shops:
D:4 (

Annotations:
D:4 2 transporters, 3t5h's ghost, amateur OpTm


Innate Abilities, Weirdness & Mutations

You can breathe wild blasts of lightning.
Your glossy black scales are hard. (AC +7)
You cannot fit into any form of body armour.
You are resistant to electric shocks. (rElec)
You are cold-blooded and may be slowed by cold attacks.
Your large and strong wings let you fly indefinitely.
You are frail. (-10% HP)
Your magical capacity is low. (-10% MP)
You are somewhat resistant to further mutation.


Message History

It was a potion of haste.
You feel yourself speed up. The killer bee stings you.
You are poisoned.
The killer bee poisons you! The killer bee barely misses you.
The killer bee stings you.
You are more poisoned.
The killer bee poisons you! The death yak gores you!!
* * * LOW HITPOINT WARNING * * *
The killer bee stings you.
* * * LOW HITPOINT WARNING * * *
You are more poisoned.
The killer bee poisons you! The death yak misses you.
You feel better. The killer bee completely misses you.
The killer bee closely misses you.
You are confused.
You feel invigorated. The killer bee closely misses you.
The killer bee stings you.
* * * LOW HITPOINT WARNING * * *
The death yak barely misses you. The death yak gores you!
You die...

###+#+## .# #......#
##.#### #......# .......
♣ #....[.#####....... ♣.
#....>... .........
♣♣..###...?..## #........
............##.##........
........#..$..YY@........
y♣y####<#÷#....Yyy.....#+
♣yyyh.Y##.#..#...........
#.####yYY.#...[.†.#......
######..............
#......>......#
#.....†.......#
#.....#.......#
#.#.........###


You could see 3 death yaks and 2 killer bees.

Vanquished Creatures
  A cane toad (Lair:1)
  Maggie (D:6)
  Grinder (D:3)
  Menkaure (D:5)
  Duvessa (D:4)
  A water moccasin (Lair:1)
  A black bear (D:7)
  3 orc warriors (D:6)
  2 ice beasts
  4 ogres
  A phantom (D:5)
  A big kobold (D:7)
  3 centaurs
  2 bullfrogs
  3 scorpions
  Dowan (D:4)
  11 killer bees
  2 howler monkeys (D:4)
  A centaur zombie (D:8)
  A bullfrog zombie (D:6)
  A quasit (D:5)
  A jelly (D:4)
  A bullfrog skeleton (D:3)
  6 orc priests
  Crazy Yiuf (D:6)
  4 hounds
  8 orc wizards
  Jessica (D:2)
  An iguana (D:7)
  A hell rat (D:8)
  3 worker ants
  A worker ant zombie (D:7)
  14 adders
  8 gnolls
  A howler monkey skeleton (D:6)
  A river rat (D:8)
  An ufetubus (D:6)
  An ooze (D:2)
  An adder zombie (D:7)
  An adder skeleton (D:7)
  4 worms
  3 dart slugs
  3 leopard geckos
  22 orcs
  A bat zombie (D:4)
  3 giant cockroaches
  9 goblins
  11 hobgoblins
  5 jackals
  5 quokkas
  A ball python (D:2)
  13 bats
  3 frilled lizards
  2 goblin skeletons (D:6)
  A goblin zombie (D:6)
  4 hobgoblin zombies (D:6)
  14 kobolds
  A kobold skeleton (D:6)
  A kobold zombie (D:6)
  2 orc skeletons (D:6)
  An orc zombie (D:6)
  9 rats
217 creatures vanquished.

Vanquished Creatures (others)
  6 fungi
  2 plants (Lair:1)
8 creatures vanquished.

Grand Total: 225 creatures vanquished

Notes
Turn   | Place    | Note
-------+----------+-------------------------------------------
     0 | D:1      | hawla the Draconian Conjurer began the quest for the Orb.
     0 | D:1      | Reached XP level 1. HP: 14/14 MP: 3/3
   293 | D:1      | Reached XP level 2. HP: 22/22 MP: 3/5
   303 | D:1      | Learned a level 2 spell: Searing Ray
   554 | D:1      | Reached skill level 1 in Translocations
   718 | D:1      | Reached skill level 1 in Fighting
   864 | D:1      | Reached XP level 3. HP: 28/28 MP: 6/6
  1075 | D:1      | Found a stormy altar of Qazlal.
  1196 | D:2      | Noticed Jessica
  1200 | D:2      | Killed Jessica
  1215 | D:2      | Reached XP level 4. HP: 35/35 MP: 0/7
  1310 | D:2      | Learned a level 4 spell: Iskenderun's Mystic Blast
  1884 | D:2      | Found a shadowy altar of Dithmenos.
  1966 | D:2      | Reached XP level 5. HP: 40/40 MP: 9/9
  2529 | D:3      | Found an ornate altar of the Wu Jian Council.
  2529 | D:3      | Found a broken altar of Ashenzari.
  2757 | D:3      | Reached skill level 5 in Conjurations
  2932 | D:3      | Noticed Grinder
  2934 | D:3      | Paralysed by Grinder for 6 turns
  2942 | D:3      | Paralysed by Grinder for 5 turns
  3488 | D:3      | Killed Grinder
  3489 | D:3      | Reached skill level 6 in Conjurations
  3489 | D:3      | Reached XP level 6. HP: 47/47 MP: 4/10
  4397 | D:4      | Found a transporter.
  4403 | D:3      | Reached skill level 7 in Conjurations
  4430 | D:4      | Noticed Dowan
  4435 | D:3      | Your scales start taking on a glossy black colour.
  4435 | D:3      | Reached XP level 7. HP: 52/52 MP: 0/11
  4435 | D:3      | Gained mutation: You are resistant to electric shocks.
                  | (rElec) [Black Draconian growth]
  4526 | D:4      | Killed Dowan
  4529 | D:4      | Reached skill level 1 in Throwing
  4612 | D:4      | Noticed Duvessa
  4675 | D:4      | Killed Duvessa
  4804 | D:4      | Noticed 3t5h's ghost (amateur OpTm)
  4804 | D:4      | Identified the +8 great mace "Viag" {antimagic, Fragile
                  | +Inv rPois rF+}
  4863 | D:4      | Found a staircase to the Ecumenical Temple.
  4886 | Temple   | Entered the Ecumenical Temple
  5019 | Temple   | Became a worshipper of Vehumet
  5037 | D:4      | Reached skill level 1 in Air Magic
  5306 | D:4      | Found Atocli's Weapon Boutique.
  5471 | D:4      | Found a transporter.
  5636 | D:4      | Found an ancient bone altar of Kikubaaqudgha.
  5707 | D:5      | Entered Level 5 of the Dungeon
  5920 | D:5      | Reached XP level 8. HP: 62/62 MP: 7/14
  6121 | D:5      | Noticed Menkaure
  6128 | D:5      | Killed Menkaure
  6588 | D:6      | Found a glowing golden altar of the Shining One.
  6815 | D:6      | Reached * piety under Vehumet
  6815 | D:6      | Offered knowledge of Foxfire by Vehumet.
  6817 | D:6      | Reached skill level 5 in Spellcasting
  6824 | D:6      | Reached skill level 8 in Conjurations
  6824 | D:6      | Reached skill level 5 in Translocations
  7100 | D:6      | Reached skill level 1 in Staves
  7432 | D:6      | Reached XP level 9. HP: 71/71 MP: 8/17
  7510 | D:6      | Found a sparkling altar of Nemelex Xobeh.
  8119 | D:6      | Noticed Maggie
  8129 | D:6      | Killed Maggie
  8245 | D:6      | Found a blossoming altar of Fedhas.
  8413 | D:6      | Found a runed translucent door.
  8414 | D:6      | Noticed Crazy Yiuf
  8419 | D:6      | Killed Crazy Yiuf
  8568 | D:7      | Reached skill level 5 in Air Magic
  8571 | D:6      | Offered knowledge of Sandblast by Vehumet.
  8798 | D:7      | Reached ** piety under Vehumet
  8860 | D:7      | Reached skill level 9 in Conjurations
  9207 | D:7      | Found an opulent altar of Gozag.
  9446 | D:8      | Found a staircase to the Lair.
  9447 | D:8      | Noticed a death yak
  9447 | D:8      | Noticed a death yak
  9447 | D:8      | Noticed a death yak
  9486 | Lair:1   | Entered Level 1 of the Lair of Beasts
  9632 | D:8      | Offered knowledge of Frozen Ramparts by Vehumet.
  9642 | Lair:1   | Learned a level 3 spell: Frozen Ramparts
  9660 | Lair:1   | Noticed a cane toad
  9673 | Lair:1   | Killed a cane toad
  9674 | Lair:1   | Reached XP level 10. HP: 49/80 MP: 2/19
  9934 | D:8      | Reached skill level 10 in Conjurations
  9934 | D:8      | Reached XP level 11. HP: 74/85 MP: 1/20
  9936 | D:8      | Gained mutation: Your large and strong wings let you fly
                  | indefinitely. [potion of mutation]
  9936 | D:8      | Gained mutation: You are frail. (-10% HP) [potion of
                  | mutation]
  9936 | D:8      | Gained mutation: Your magical capacity is low. (-10% MP)
                  | [potion of mutation]
  9936 | D:8      | Gained mutation: You are somewhat resistant to further
                  | mutation. [potion of mutation]
  9937 | D:8      | HP: 2/76 [killer bee (3)]
  9939 | D:8      | Slain by a death yak

Illustrated notes

Levels and vault maps discovered:
D:1:      dpeg_arrival_lava_altar, layout_basic
D:2:      layout_loops_ring, grunt_dithmenos_smoke, uniq_jessica
D:3:      layout_loops_corners, gammafunk_temple_overflow_wave, uniq_grinder
D:4:      layout_cave_pools, lemuel_zombie_altar_kikubaaqudgha,
          minmay_temple_entry_steel_oval, serial_shops, shop,
          gammafunk_ghost_smash, uniq_duvessa
D:5:      layout_basic, uniq_menkaure
D:6:      layout_rooms, kennysheep_mini_moat, kennysheep_mini,
          nicolae_tso_besieged_by_evil, uniq_crazy_yiuf_cottage, uniq_maggie
D:7:      layout_cave_pools, overflow_temple_1_default
D:8:      wad_woods_minihive, layout_basic, led_sif_book,
          overflow_temple_1_default, dpeg_lair_monsters, serial_curves,
          eino_curves_03, eino_curves_03, eino_curves_03, eino_curves_02
Temple:   nicolae_temple_hex_pool
Lair:1:   layout_loops_ring, columned_hall_lemuel,
          chequers_serial_rivers_small_a, minivault_27, grunt_megastairs_2,
          lemuel_fruit_tree, uniq_prince_ribbit2

Skill      XL: |  1  2  3  4  5  6  7  8  9 10 |
---------------+-------------------------------+-----
Stealth        | 2 |  2.0
Dodging        | 2 |  2.0
Translocations | 1 2 3 5 |  5.5
Fighting       | 1 2 3 4 |  4.7
Spellcasting   | 3 4 5 6 |  6.4
Conjurations   | 6 7 8 9 10 | 10.4
Throwing       | 1 |  1.0
Air Magic      | 2 3 6 9 |  9.0
Staves         | 1 3 6 |  6.2
Ice Magic      | 4 |  4.7

Action                   |  1- 3 |  4- 6 |  7- 9 | 10-12 || total
-------------------------+-------+-------+-------+-------++-------
Melee: Unarmed           |    58 |       |       |       ||    58
       Tailslap          |     4 |     5 |    12 |       ||    21
       Dagger            |     6 |    99 |    37 |       ||   142
       Quarterstaff      |       |       |   103 |     6 ||   109
 Cast: Magic Dart        |    26 |    11 |    19 |       ||    56
       Searing Ray       |     4 |    32 |    58 |     1 ||    95
       Iskenderun's Myst |       |     8 |    45 |     4 ||    57
       Frozen Ramparts   |       |       |       |     1 ||     1
  Use: Scroll            |     5 |     3 |    12 |       ||    20
       Potion            |       |     1 |     3 |     9 ||    13
 Stab: Sleeping          |       |     3 |     1 |       ||     4
       Confused          |       |       |       |     1 ||     1
Armor: Skin              |    22 |    31 |    89 |    16 ||   158
Dodge: Dodged            |    81 |   116 |   256 |    61 ||   514
